AoeStats
← tomwilmore

Arena

509771272Analyzed
1v1 RM · 5d ago on Sep 28, 2026· 26m 26s· 2 players
Game mode
Random Map
Map size
Tiny (2 player)
Population
200
Speed
Normal
Resources
Standard
Victory
Conquest
Starting age
Dark Age
Ending age
Imperial Age
RankedLock teamsTeams togetherTeam positionsShared explorationLock speedFull tech treeHidden civsTurbo modeCheats
Victory
Defeat
🇺🇸 Romans · United States
959
+18
🇬🇧 Slavs · United Kingdom
1000
-55
PapiChulo
11:40 Feudal Age
13:23 Wheelbarrow
16:31 Castle Age
14:42 Double-Bit Axe
15:35 Horse Collar
16:14 Scale Mail Armor
16:25 Forging
17:36 Hand Cart
17:38 Chain Mail Armor
17:16 Man-at-Arms
17:56 Squires
19:15 Iron Casting
19:15 Long Swordsman
tomwilmore
12:23 Feudal Age
16:46 Forging
16:37 Scale Mail Armor
19:35 Castle Age
19:18 Double-Bit Axe
22:16 Crossbowman
22:57 Fletching
23:12 Padded Archer Armor
24:02 Wheelbarrow
23:14 Loom
23:17 Town Watch
24:27 Bow Saw
24:23 Horse Collar
Connection lost

Rejoining the realm…

Still unreachable

The connection could not be restored.

Session expired

The server has moved on; the page needs a fresh start.